 Dungeon Crawl Stone Soup version 0.26-a0-646-g5d7718319a (webtiles) character file.

Game seed: 8023533778977660659

30 DogServant the Ruffian (level 3, 0/36 HPs)
             Began as a Troll Berserker on Sept 23, 2020.
             Was a Believer of Trog.
             Slain by a goblin
             ... wielding a +0 club
             ... led by Robin
              (7 damage)
             ... on level 2 of the Dungeon.
             The game lasted 00:01:34 (884 turns).

DogServant the Ruffian (Troll Berserker)             Turns: 884, Time: 00:01:34

Health: 0/36       AC:  6    Str: 31    XL:     3   Next: 5%
Magic:  2/2        EV: 10    Int:  3    God:    Trog [**....]
Gold:   102        SH:  0    Dex: 10    Spells: 2/2 levels left

rFire    . . .     SeeInvis .     - Unarmed
rCold    . . .     Faith    .   (no shield)
rNeg     . . .     Spirit   .   a - +0 animal skin
rPois    .         Reflect  .   (helmet restricted)
rElec    .         Harm     .   (no cloak)
rCorr    .         Rampage  .   (gloves unavailable)
MR       .....                  (boots unavailable)
Stlth    +.........             (no amulet)
HPRegen  0.52/turn              f - +6 ring of strength
MPRegen  0.08/turn              (no ring)

@: no status effects
A: large, unfitting armour, claws 3, regeneration 1, shaggy fur 1, tough skin 3
a: Berserk, Trog's Hand, Renounce Religion


You were on level 2 of the Dungeon.
You worshipped Trog.
Trog was pleased with you.
You visited 1 branch of the dungeon, and saw 2 of its levels.

You collected 102 gold pieces.

Inventory:

Missiles
 i - 8 atropa-tipped darts (quivered)
Armour
 a - a +0 animal skin (worn)
Jewellery
 f - a +6 ring of strength (left claw)
Scrolls
 b - a scroll of fear {unknown}
 c - 3 scrolls of remove curse {unknown}
 e - a scroll of noise {unknown}
 h - 2 scrolls of identify {unknown}
Potions
 d - a potion of curing {unknown}
 g - 2 potions of flight {unknown}
 j - a potion of heal wounds {unknown}


   Skills:
 - Level 2.4 Fighting
 + Level 3.0 Dodging
 + Level 3.6 Unarmed Combat


You had 2 spell levels left.
You didn't know any spells.
Your spell library was empty.

Dungeon Overview and Level Annotations

Branches:
Dungeon (2/15)

Altars:

Annotations:
D:2 Robin


Innate Abilities, Weirdness & Mutations

You are too large for most types of armour.
You have claws for hands.
Your natural rate of healing is unusually fast.
You are covered in fur. (AC +1)
You have extremely tough skin. (AC +3)


Message History

You miss the goblin. Robin throws the goblin at you!
The goblin hits you with a +0 club. Robin hits you with a +0 trident!
* * * LOW HITPOINT WARNING * * *
The goblin unwields a +0 club.
The goblin wields a +0 hunting sling.
The goblin shoots a stone.
The stone hits you.
* * * LOW HITPOINT WARNING * * *
Things that are here:
a stone; a +0 dagger; a +0 club
Okay, then.
You barely miss Robin. Robin hits you but does no damage.
You scratch Robin.
Robin is lightly wounded.
Robin roars a battlecry!
The goblin goes into a battle-frenzy!
You scratch Robin.
Robin is heavily wounded.
The goblin unwields a +0 hunting sling.
The goblin wields a +0 club.
The goblin hits you with a +0 club!
You die...

...#..(# #. #.##...#
#...####.#<...# ########
#........#....# #......#
#....##..#.#..####......#
.###.##..>.†............#
#.......#†.###.......#
#####..##.(###.......#
.......††..(g@g...#####
.######.########..# #.<
#[.# #.# #g.#
......gg.)........+
.#####.####.#####.# ..
#.# .. #.. ....


You could see Robin and a goblin (strong).

Vanquished Creatures
  A leopard gecko (D:2)
  8 goblins
  3 hobgoblins
  A quokka (D:2)
  2 ball pythons
  3 bats
  3 frilled lizards (D:1)
  4 kobolds (D:1)
  4 rats (D:1)
29 creatures vanquished.

Notes
Turn   | Place    | Note
-------+----------+-------------------------------------------
     0 | D:1      | DogServant the Troll Berserker began the quest for the Orb.
     0 | D:1      | Reached XP level 1. HP: 22/22 MP: 0/0
   266 | D:1      | Reached XP level 2. HP: 26/29 MP: 1/1
   854 | D:2      | Noticed Robin
   866 | D:2      | Reached ** piety under Trog
   870 | D:2      | Reached XP level 3. HP: 29/36 MP: 2/2
   884 | D:2      | Slain by a goblin

Illustrated notes

Levels and vault maps discovered:
D:1:      lightli_arrival_isolated_outpost, layout_loops_corners
D:2:      layout_basic, xom_teletrap_fun, uniq_robin

Skill      XL: |  1  2 |
---------------+-------+-----
Dodging        | 3 |  3.0
Fighting       | |  2.4
Unarmed Combat | |  3.6

Action                   || total
-------------------------++-------
Melee: Unarmed           ||    91
Armor: Animal skin       ||    37
Dodge: Dodged            ||    47

Table legend: (Time is in decaauts)
 A = Elapsed time spent in this place.
 B = Non-inter-level travel time spent in this place.
 C = Inter-level travel time spent in this place.
 D = Time resting spent in this place.
 E = Time spent auto-exploring this place.
 F = Levels seen in this place.
 G = Mean time per level.
                   A        B        C        D        E       F      G
               +--------+--------+--------+--------+--------+-----+--------+
         Total |    884 |    863 |     21 |      0 |    691 |   2 |  442.0 |
       Dungeon |    884 |    863 |     21 |      0 |    691 |   2 |  442.0 |
               +--------+--------+--------+--------+--------+-----+--------+

Top non-repeatable levels by time:
     D:1: 773 daAuts
     D:2: 111 daAuts
